 Dungeon Crawl Stone Soup version 0.22-a0-259-gdd11e71 (webtiles) character file.

140 mhoghedin the Magician (level 5, 0/28 HPs)
             Began as a Kobold Wizard on Mar 5, 2018.
             Succumbed to an adder's poison
             ... on level 3 of the Dungeon.
             The game lasted 00:08:43 (4189 turns).

mhoghedin the Magician (Kobold Wizard)              Turns: 4189, Time: 00:08:43

Health: 0/28       AC:  3    Str:  5    XL:     5   Next: 46%
Magic:  1/11       EV: 15    Int: 20    God:
Gold:   188        SH:  0    Dex: 13    Spells: 1/12 levels left

rFire    . . .     SeeInvis .   e - +0 dagger
rCold    . . .     Gourm    .   (shield restricted)
rNeg     . . .     Faith    .   a - +0 robe
rPois    .         Spirit   .   b - +1 hat
rElec    .         Reflect  .   (no cloak)
rCorr    .         Harm     .   (no gloves)
MR       .....                  (no boots)
Stlth    ++........             h - amulet of inaccuracy (curse)
HPRegen  0.09/turn              j - ring of flight {+Fly, !d}
MPRegen  0.12/turn              (no ring)

@: lethally poisoned (0 -> -4)
A: small, carnivore
a: Evoke Flight


You were on level 3 of the Dungeon.
You were completely stuffed.

You visited 1 branch of the dungeon, and saw 3 of its levels.

You collected 188 gold pieces.

Inventory:

Hand Weapons
 e - a +0 dagger (weapon)
   (You took it off a goblin on level 1 of the Dungeon)
Armour
 a - a +0 robe (worn)
 b - a +1 hat (worn)
Jewellery
 h - a cursed amulet of inaccuracy (around neck)
   (You found it on level 2 of the Dungeon)
 j - a ring of flight (left hand) {+Fly, !d}
   (You found it on level 2 of the Dungeon)
 k - an uncursed amulet of rage {+Rage, !d}
   (You found it on level 2 of the Dungeon)
Scrolls
 f - a scroll of fog
 i - a scroll of teleportation {unknown}
 l - a scroll of enchant armour
Potions
 c - a potion of might
 g - 2 potions of agility
Comestibles
 d - 5 rations


   Skills:
 - Level 0.4 Fighting
 - Level 2.2 Short Blades
 - Level 2.4 Dodging
 - Level 3.8 Stealth
 - Level 4.1 Spellcasting
 + Level 1.8 Conjurations
 - Level 1.0 Summonings
 - Level 1.0 Translocations
 + Level 1.4 Air Magic
 + Level 1.4 Poison Magic


You had one spell level left.
You knew the following spells:

 Your Spells              Type           Power        Failure   Level  Hunger
a - Magic Dart            Conj           ##..         6%          1    None
b - Blink                 Tloc           N/A          13%         2    #......
c - Call Imp              Summ           #.......     13%         2    #......
d - Conjure Flame         Conj/Fire      #.......     26%         3    ###....
x - Mephitic Cloud        Conj/Pois/Air  ##......     21%         3    ###....


Dungeon Overview and Level Annotations

Branches:
Dungeon (3/15)

Altars:


Innate Abilities, Weirdness & Mutations

You are small and have problems with some larger weapons.
You are carnivorous and can eat meat at any time.


Message History

MASSIVE DAMAGE!!
Unknown command.
Aim: an orc wizard, wielding a dagger and wearing a robe (moderately wounded)
The ball explodes into a vile cloud!
The stinking cloud engulfs the orc wizard.
The stinking cloud engulfs the orc.
The orc wizard is engulfed in noxious fumes.
The orc wizard appears confused.
The orc is engulfed in noxious fumes.
The orc appears confused.
The orc misses the adder.
You now have 0/11 mp.
Unknown command.
The rat twitches its whiskers.
The orc is engulfed in noxious fumes.
The orc appears confused.
The orc wizard is engulfed in noxious fumes.
The orc wizard appears confused.
The orc wizard is engulfed in noxious fumes.
The orc wizard appears confused.
You hit the orc wizard but do no damage.
The orc wizard is engulfed in noxious fumes.
The orc wizard appears confused.
You catch the helpless orc wizard completely off-guard!
You puncture the orc wizard!
You kill the orc wizard!
Unknown command.
Okay, then.
Unknown command.
You swap places.
The orc closely misses your crimson imp.
Your crimson imp blinks!
The orc misses your crimson imp.
Your crimson imp hits the orc.
The rat twitches its whiskers.
The orc hits the adder with a short sword.
Your crimson imp barely misses the orc.
The orc hits your crimson imp but does no damage.
Your crimson imp hits the orc.
Your crimson imp hits the orc.
The orc dies!
The adder bites your crimson imp.
Your crimson imp blinks!
Your crimson imp barely misses the rat.
Your crimson imp blinks!
The adder barely misses you. The adder bites you but does no damage.
The adder bites you.
You are poisoned.
The adder poisons you!
You take 1 damage, and have 10/28 hp.
Unknown command.
As you read the scroll labeled GUTAHY ZEOCKITS, it crumbles to dust.
It is a scroll of enchant armour.
Your +0 hat glows green for a moment.
You feel sick. The adder closely misses you.
You take 1 damage, and have 9/28 hp.
A beastly little devil appears in a puff of flame.
The adder closely misses you. The rat bites your crimson imp.
The adder closely misses you.
You now have 1/11 mp.
You feel sick. The rat bites your crimson imp.
Your crimson imp closely misses the rat.
You take 1 damage, and have 8/28 hp.
Your crimson imp barely misses the rat.
The adder misses you.
Your crimson imp blinks!
You feel sick.
You take 1 damage, and have 8/28 hp.
The adder bites you.
* * * LOW HITPOINT WARNING * * *
You take 1 damage, and have 7/28 hp.
You feel sick.
You are no longer poisoned.
You take 1 damage, and have 6/28 hp.
The adder completely misses you. The adder bites you but does no damage.
A beastly little devil appears in a puff of frigid air.
The adder bites you.
* * * LOW HITPOINT WARNING * * *
The rat barely misses your white imp.
You take 3 damage, and have 4/28 hp.
You now have 1/11 mp.
You barely miss the adder. The adder bites you.
* * * LOW HITPOINT WARNING * * *
You are lethally poisoned!
The adder poisons you! The rat bites your white imp.
The adder barely misses you.
You take 1 damage, and have 3/28 hp.
Okay, then.
Unknown command.
* * * LOW HITPOINT WARNING * * *
You feel sick.
Your white imp hits the adder.
Your white imp freezes the adder.
Something bites your white imp but does no damage.
You take 1 damage, and have 2/28 hp.
* * * LOW HITPOINT WARNING * * *
You feel sick.
You take 1 damage, and have 1/28 hp.
Your white imp gestures at the adder.
The puff of frost hits the adder.
The adder dies!
The rat bites your white imp but does no damage.
You see here 2 stones.
You die...

#...###.######.#.#####.#
####.#.## #.#.......#
##.## #.######### ### #.#
#.# #.# ####### #.#
#..r5.#######.####
#.###...(@..รท....#
###.###.#.#.###.##.#
#.......#.#.##...#........
#.#.......#.#.....#######.
#.#..#5.###.##...##
#.#..#.)# #.###.##
#.#..#..###.# #.#
#.#.........# #.#
#......###### #'#


You could see a rat and a friendly white imp.

Vanquished Creatures
  An orc priest (D:3)
  An orc wizard (D:3)
  A worm (D:2)
  A leopard gecko (D:1)
  An orc (D:3)
  3 ball pythons (D:2)
  3 giant cockroaches
  7 goblins
  5 hobgoblins
  7 bats
  6 frilled lizards
  7 kobolds
  8 rats
51 creatures vanquished.

Vanquished Creatures (collateral kills)
  4 adders
  2 worms (D:2)
  7 orcs (D:3)
  A giant cockroach (D:3)
  2 goblins (D:2)
  3 jackals (D:3)
  A quokka (D:2)
  2 bats (D:2)
  A frilled lizard (D:2)
  A rat (D:2)
24 creatures vanquished.

Grand Total: 75 creatures vanquished

Notes
Turn   | Place    | Note
-------+----------+-------------------------------------------
     0 | D:1      | mhoghedin the Kobold Wizard began the quest for the Orb.
     0 | D:1      | Reached XP level 1. HP: 10/10 MP: 4/4
   414 | D:1      | Reached XP level 2. HP: 16/16 MP: 0/6
   512 | D:1      | Learned a level 2 spell: Blink
   515 | D:1      | Learned a level 2 spell: Call Imp
   820 | D:1      | Reached skill level 4 in Spellcasting
  1034 | D:1      | Reached XP level 3. HP: 10/20 MP: 5/8
  1560 | D:2      | Reached skill level 3 in Stealth
  1565 | D:2      | Reached skill level 1 in Short Blades
  1716 | D:2      | HP: 4/20 [quokka (3)]
  2022 | D:2      | Learned a level 3 spell: Conjure Flame
  2312 | D:2      | Reached XP level 4. HP: 15/24 MP: 3/10
  2460 | D:2      | Reached skill level 2 in Short Blades
  2530 | D:2      | Learned a level 3 spell: Mephitic Cloud
  3295 | D:3      | Noticed an ogre
  3501 | D:3      | Reached skill level 1 in Air Magic
  3501 | D:3      | Reached skill level 1 in Poison Magic
  3501 | D:3      | Reached XP level 5. HP: 17/28 MP: 3/11
  3508 | D:3      | HP: 7/28 [orc/dagger (2)]
  4174 | D:3      | HP: 7/28 [adder (1)]
  4183 | D:3      | HP: 4/28 [adder (3)]
  4186 | D:3      | HP: 1/28 [poisoned by an adder]
  4189 | D:3      | Succumbed to an adder's poison

Vault maps used:
D:1:      dpeg_arrival_rooms_b
D:2:      kennysheep_generic_room_5

Skill      XL: |  1  2  3  4 |
---------------+-------------+-----
Spellcasting   | 4 |  4.1
Stealth        | 3 |  3.8
Short Blades   | 1 2 |  2.2
Air Magic      | 1 |  1.4
Poison Magic   | 1 |  1.4
Fighting       | |  0.4
Dodging        | |  2.4
Conjurations   | |  1.8
Summonings     | |  1.0
Translocations | |  1.0

Action                   |  1- 3 |  4- 6 || total
-------------------------+-------+-------++-------
Melee: Unarmed           |     4 |       ||     4
       Dagger            |    88 |    98 ||   186
 Cast: Magic Dart        |    44 |    26 ||    70
       Call Imp          |    10 |    15 ||    25
       Mephitic Cloud    |       |     4 ||     4
  Use: Scroll            |     3 |     4 ||     7
 Stab: Sleeping          |     4 |     4 ||     8
       Distracted        |       |     1 ||     1
       Confused          |       |     1 ||     1
  Eat: Chunk             |    13 |     6 ||    19
Armor: Robe              |    35 |    13 ||    48
Dodge: Dodged            |   111 |    77 ||   188

Table legend:
 A = Spawn XP
 B = Non-spawn XP
 C = Spawn XP percentage of total XP
 D = Spawn monster count
 E = Non-spawn monster count
 F = Spawn count percentage of total count
 G = Total turns spent on level
                    A         B        C        D         E        F      G
               +---------+---------+-------+---------+---------+-------+---------
         Total |       0 |     200 |   0.0 |       0 |      75 |   0.0 |  4189
               +---------+---------+-------+---------+---------+-------+---------
           D:1 |       0 |      35 |   0.0 |       0 |      22 |   0.0 |  1552
           D:2 |       0 |      60 |   0.0 |       0 |      30 |   0.0 |  1629
           D:3 |       0 |     105 |   0.0 |       0 |      23 |   0.0 |  1008
               +---------+---------+-------+---------+---------+-------+---------

Vault maps used:
D:1:      dpeg_arrival_rooms_b
D:2:      kennysheep_generic_room_5

Table legend:
 A = Turns spent in this place as a percentage of turns spent in the entire game.
 B = Non-inter-level travel turns spent in this place as a percentage of non-inter-level travel turns spent in the entire game.
 C = Inter-level travel turns spent in this place as a percentage of turns spent in this place.
 D = Turns resting spent in this place as a percentage of non-inter-level travel turns spent in this place.
 E = Turns spent auto-exploring this place as a percentage of non-inter-level travel turns spent in this place.
 F = Non-inter-level travel turns spent in this place divided by the number of levels of this place that you've seen.
                   A       B       C       D       E      F
               +-------+-------+-------+-------+-------+----------------------
         Total | 100.0 | 100.0 |   0.7 |  45.5 |  35.8 | 1387.0
       Dungeon | 100.0 | 100.0 |   0.7 |  45.5 |  35.8 | 1387.0
               +-------+-------+-------+-------+-------+----------------------

Table legend:
 A = Kills in this place as a percentage of kills in entire the game.
 B = Kills by you in this place as a percentage of kills by you in the entire game.
 C = Kills by friends in this place as a percentage of kills by friends in the entire game.
 D = Other kills in this place as a percentage of other kills in the entire game.
 E = Experience gained in this place as a percentage of experience gained in the entire game.
 F = Experience gained in this place divided by the number of levels of this place that you have seen.
                   A       B       C       D       E      F
               +-------+-------+-------+-------+-------+----------------------
         Total | 100.0 | 100.0 | 100.0 |   N/A | 100.0 |  66.7
       Dungeon | 100.0 | 100.0 | 100.0 |   N/A | 100.0 |  66.7
               +-------+-------+-------+-------+-------+----------------------
